 Dungeon Crawl Stone Soup version 0.21-a0-221-gfe971b9 (webtiles) character file.

145227 Moloch the Warrior (level 16, 0/125 HPs)
             Began as a Mummy Fighter on Aug 27, 2017.
             Was the Champion of Ru.
             Slain by a snapping turtle (17 damage)
             ... on level 1 of the Shoals.
             The game lasted 01:56:30 (36171 turns).

Moloch the Warrior (Mummy Fighter)                 Turns: 36171, Time: 01:56:31

Health: 0/125      AC: 18    Str: 19    XL:     16   Next: 86%
Magic:  19/19      EV:  8    Int: 11    God:    Ru [******]
Gold:   3433       SH:  9    Dex: 14    Spells: 14/15 levels left

rFire    + . .     SeeInvis +   R - +3 spear "Beetlebane" {elec, rPois MR+ Str+3}
rCold    + + +     Gourm    .   D - +1 shield {rC+}
rNeg     + + +     Faith    .   M - +2 chain mail {rPois}
rPois    ∞         Spirit   .   k - +0 helmet
rElec    +         Reflect  .   V - scarf {rC+ rF+}
rCorr    .         Harm     .   X - +2 pair of gloves
MR       +++..                  l - +0 pair of boots
Stlth    ..........             y - amulet of regeneration
HPRegen  0.70/turn              H - ring "Peis" {+Fly rElec rC+ rN++ Stlth-}
MPRegen  0.16/turn              g - ring of Qyhessong {rF+ Str-3 Int+2 Dex-3 SInv}

@: no scrolls, drained, very slow
A: no food or potions, fire vulnerability, cold resistance 1, frail 1, negative
energy resistance 3, torment resistance, unbreathing, inability to read while
threatened, no stealth, no air magic, no conjurations magic, no transmutations
magic, unskilled 1, in touch with death 1
a: Draw Out Power, Power Leap, Apocalypse, Renounce Religion, Evoke Flight


You were on level 1 of the Shoals.
You worshipped Ru.
Ru was exalted by your worship.
You were not hungry.

You visited 6 branches of the dungeon, and saw 27 of its levels.
You also visited: Trove and Sewer.

You collected 4605 gold pieces.
You spent 1172 gold pieces at shops.

Inventory:

Hand Weapons
 z - a +6 trident of piercing
 P - a +1 glaive
 R - the +3 spear "Beetlebane" (weapon) {elec, rPois MR+ Str+3}
   (You bought it in a shop on level 2 of the Orcish Mines)

   Occasionally, upon striking a foe, it will discharge some electrical energy
   and cause terrible harm.
   It affects your strength (+3).
   It protects you from poison.
   It affects your resistance to hostile enchantments.
 Y - a +5 bardiche of flaming
Armour
 d - the +0 ring mail "Goeseoxt" {rF+ MR+ rCorr Str+4}
   (You bought it in a shop on level 2 of the Orcish Mines)

   It affects your strength (+4).
   It protects you from fire.
   It affects your resistance to hostile enchantments.
   It protects you from acid and corrosion.
 k - a +0 helmet (worn)
 l - a +0 pair of boots (worn)
 t - the +1 leather armour of Umooduxa {rF++ Str+10 Dex-5 SInv}
   (You found it on level 6 of the Dungeon)

   It affects your strength (+10).
   It affects your dexterity (-5).
   It greatly protects you from fire.
   It lets you see invisible.
 D - a +1 shield of cold resistance (worn)
 M - a +2 chain mail of poison resistance (worn)
 V - a scarf of resistance (worn)
 X - a +2 pair of gloves (worn)
Jewellery
 e - an uncursed ring of teleportation
 f - a +5 ring of protection
 g - the ring of Qyhessong (right hand) {rF+ Str-3 Int+2 Dex-3 SInv}
   (You found it on level 2 of the Orcish Mines)

   [ring of strength]

   It affects your strength (-3).
   It affects your intelligence (+2).
   It affects your dexterity (-3).
   It protects you from fire.
   It lets you see invisible.
 h - the amulet of Beogh's Pride {Reflect +Inv SH+4}
   (You found it in a treasure trove)

   [amulet of reflection]

   It shields you and reflects attacks.
   It lets you turn invisible.
   It affects your SH (+4).
 i - an uncursed ring of resist corrosion
 y - an amulet of regeneration (around neck)
 H - the ring "Peis" (left hand) {+Fly rElec rC+ rN++ Stlth-}
   (You found it on level 4 of the Lair of Beasts)

   [ring of protection from cold]

   It protects you from cold.
   It insulates you from electricity.
   It greatly protects you from negative energy.
   It lets you fly.
   It makes you less stealthy.
 Q - an uncursed ring of fire
 U - an uncursed ring of wizardry
 Z - the ring "Ivaekk" {+Fly rC+ rN+}
   (You found it in a treasure trove)

   [ring of protection from cold]

   It protects you from cold.
   It protects you from negative energy.
   It lets you fly.
Wands
 n - a wand of digging (15/24)
 w - a wand of disintegration (8/24)
 B - a wand of lightning (2/15)
 E - a wand of scattershot (1/9)
 F - a wand of paralysis (0/24)
 G - a wand of polymorph (21/24)
 I - a wand of disintegration (4/24)
 K - a wand of confusion (22/48)
 O - a wand of lightning (6/15)
 W - a wand of iceblast (8/15)
Scrolls
 j - 9 scrolls of enchant armour
 m - 2 scrolls of immolation
 o - 8 scrolls of teleportation
 p - 9 scrolls of remove curse
 q - 6 scrolls of magic mapping
 r - 3 scrolls of fog
 s - 2 scrolls of enchant weapon {unknown}
 u - 3 scrolls of recharging
 v - 2 scrolls of brand weapon {unknown}
 x - 6 scrolls of amnesia
 A - a scroll of vulnerability {unknown}
 C - a scroll of torment
 L - 2 scrolls of silence
 N - 2 scrolls of fear
Books
 a - a book of Summonings

   Spells                             Type                      Level
   a - Recall                         Summoning/Translocation      3
   b - Aura of Abjuration             Summoning                    5
   c - Summon Demon                   Summoning                    5
   d - Summon Forest                  Summoning/Translocation      5
   e - Summon Mana Viper              Hexes/Summoning              5
   f - Shadow Creatures               Summoning                    6
Miscellaneous
 b - a phial of floods
 J - 2 phantom mirrors
 S - a fan of gales
 T - a sack of spiders


   Skills:
 - Level 16.4(16.0) Fighting
 + Level 15.2(14.8) Polearms
 - Level 7.8(7.5) Armour
 - Level 7.1(6.8) Dodging
 - Level 2.1(1.9) Shields
 - Level 5.3(5.0) Evocations


You had 14 spell levels left.
You knew the following spells:

 Your Spells              Type           Power        Failure   Level  Hunger
a - Apportation           Tloc           #.....       100%        1    N/A

Dungeon Overview and Level Annotations

Branches:
Dungeon (15/15)            Temple (1/1) D:7            Lair (6/6) D:8
 Shoals (2/4) Lair:2       Spider (0/4) Lair:3        Slime (0/5) Lair:6
    Orc (2/2) D:9             Elf (0/3) Orc:2        Vaults (0/5) D:14
 Depths (1/5) D:15

Altars:
Ashenzari
Elyvilon
Gozag
Hepliaklqana
Kikubaaqudgha
Makhleb
Nemelex Xobeh
Okawaru
Qazlal
Ru
Sif Muna
Uskayaw
Wu Jian
Xom
Yredelemnul
Zin
The Shining One
Beogh
Jiyva

Shops:
D:5 (   D:8 =   D:11 :   D:15 %   Orc:2 %(([

Portals:
Abyss: Depths:1

Annotations:
D:12 2 transporters
Lair:2 exclusion: 2 oklob plants
Lair:5 exclusion: door


Innate Abilities, Weirdness & Mutations

You do not eat or drink.
Your flesh is vulnerable to fire.
You are immune to poison.
Your flesh is cold resistant. (rC+)
You are frail. (-10% HP)
You are immune to negative energy. (rN+++)
You are immune to unholy pain and torment.
You can survive without breathing.
You cannot read scrolls while threatened.
You cannot be stealthy.
You cannot study or cast Air magic.
You cannot study or cast Conjurations magic.
You cannot study or cast Transmutations magic.
You are somewhat unskilled. (-1 Apt)
You are in touch with the powers of death.


Message History

You reach to attack!
The helpless snapping turtle fails to defend itself.
You hit the snapping turtle.
The snapping turtle is lightly wounded.
You feel less exhausted.
The snapping turtle is no longer paralysed.
The snapping turtle bites you but does no damage.
The snapping turtle bites you from afar.
* * * LOW HITPOINT WARNING * * *
Unknown command.
You cannot read scrolls in your current state!
Unknown command.
You block the snapping turtle's attack. You block the snapping turtle's attack.
You block the snapping turtle's attack. x2
You can read scrolls again.
The snapping turtle closely misses you.
The snapping turtle bites you from afar!
You feel threatened and lose the ability to read scrolls!
You die...

≈≈≈≈≈≈≈≈≈≈≈≈....≈≈≈..≈≈≈≈≈≈≈≈≈≈≈
≈≈≈≈≈≈≈≈≈≈≈..≈≈≈≈≈≈..≈≈≈≈≈≈≈≈≈≈
≈≈≈≈≈≈≈≈≈≈...[≈≈≈≈≈≈.≈≈≈≈≈≈≈≈≈
≈≈≈≈.≈≈≈≈≈....≈≈≈≈≈≈≈≈≈≈≈≈≈≈≈
≈≈≈≈≈≈≈≈≈...#.≈≈≈≈≈≈≈≈≈≈≈≈≈≈
≈≈≈≈≈≈≈≈..###.≈≈≈≈≈≈≈≈≈≈≈≈≈≈≈
≈≈≈..≈≈≈..# #.≈≈≈≈≈≈≈≈≈≈≈≈≈≈≈≈≈
≈≈≈...≈≈..###.≈≈≈≈≈≈≈≈≈≈≈≈≈≈≈≈≈≈
≈..)#(≈≈≈≈....≈≈@≈≈≈≈≈≈≈≈≈≈≈≈≈≈≈≈
≈≈..##)..(....≈≈≈≈≈≈≈≈≈≈≈≈≈≈≈≈≈≈≈
......≈≈≈≈...≈≈≈≈t≈≈≈≈≈≈≈≈≈≈≈≈≈≈≈
........≈≈...≈≈≈≈≈≈≈≈≈≈≈≈≈≈≈≈.≈≈.
..≈≈..≈..≈≈≈≈≈≈≈≈≈≈≈≈≈≈≈.≈≈≈..≈≈.
≈.≈≈≈≈...÷≈≈≈≈≈≈≈≈...≈≈....≈....
≈≈....≈≈.≈.≈≈≈≈≈≈≈...≈≈≈....###
≈≈≈..≈≈≈≈≈≈≈≈≈≈≈≈≈≈.≈≈≈≈....##
≈≈≈.≈≈≈≈≈≈≈≈≈≈≈≈≈≈≈≈≈≈≈.≈....#


You could see a snapping turtle.

Vanquished Creatures
  Nikola (Depths:1)
  Jorgrun (Depths:1)
  Kirke (Shoals:1)
  2 frost giants
  2 orc warlords
  2 stone giants
  2 very ugly things (Depths:1)
  An ettin (Orc:1)
  3 spark wasps (D:15)
  2 fire dragons
  A great orb of eyes (Depths:1)
  2 merfolk impalers (Shoals:1)
  An ice dragon (Depths:1)
  A yaktaur captain (D:15)
  8 vault guards
  6 hydras
  2 catoblepae
  6 centaur warriors
  An ogre mage (Depths:1)
  6 two-headed ogres
  A death knight (D:13)
  Erica (D:14)
  A deep troll shaman (Depths:1)
  2 deep troll earth magi (Depths:1)
  8 death yaks
  5 orc high priests
  3 tengu warriors
  Urug (Lair:5)
  The ghost of tabinator the Cleaver, a novice MiFi of Trog (D:8)
  Sonja (Lair:4)
  An iron troll (D:15)
  A sun demon (Depths:1)
  6 deep trolls
  An unseen horror (D:15)
  2 sea snakes (Shoals:1)
  A swamp dragon (Lair:6)
  7 orc knights
  A necromancer (D:15)
  5 harpies (Shoals:1)
  5 cyclopes
  4 manticores
  2 deep elf magi (D:15)
  9 orc sorcerers
  2 ugly things
  9 elephants
  5 black mambas
  A naga mage (D:15)
  A torpor snail (Lair:6)
  A gargoyle (D:14)
  22 spiny frogs
  8 rime drakes
  15 komodo dragons
  A rime drake (shapeshifter) (D:13)
  A freezing wraith (D:14)
  5 merfolk (Shoals:1)
  3 tengu conjurers (Depths:1)
  A harpy zombie (D:15)
  A queen bee (shapeshifter) (D:13)
  A hornet (D:14)
  14 polar bears
  4 trolls
  24 blink frogs
  14 hippogriffs
  2 snapping turtles (Shoals:1)
  16 dream sheep
  2 raiju (Lair:6)
  A spriggan (D:13)
  3 shadows
  The ghost of kal9871 the Slasher, an amateur VSSk of Ashenzari (D:5)
  37 yaks
  A vampire (D:13)
  2 water elementals (Shoals:1)
  3 wyverns
  A wraith (D:15)
  3 basilisks
  A hungry ghost (D:13)
  4 hogs (Shoals:1)
  2 steam dragons
  The ghost of Dominolapin the Changer, an amateur MfTm (D:4)
  9 wargs
  15 hell hounds (Lair:6)
  4 acid dragons
  17 water moccasins
  15 porcupines
  Purgy (Sewer)
  29 orc warriors
  A swamp drake (Lair:6)
  14 black bears
  6 ice beasts
  A phantom (D:7)
  2 hornet zombies
  5 boggarts
  11 ogres
  24 wolves
  12 centaurs
  15 crocodiles
  2 big kobolds
  A wyvern zombie (D:15)
  3 earth elementals (Depths:1)
  19 bullfrogs
  2 wyvern skeletons
  2 scorpions
  10 killer bees
  2 electric eels
  8 wights
  The ghost of tidbits the Stinger, a weakling DgWn (D:3)
  4 howler monkeys (D:7)
  10 crimson imps
  5 centaur zombies
  A bullfrog zombie (D:12)
  7 hounds
  8 jellies
  A quasit (D:14)
  A bullfrog skeleton (D:12)
  Crazy Yiuf (D:5)
  5 centaur skeletons
  18 orc priests
  35 orc wizards
  4 iguanas
  8 worker ants
  3 hell rats (D:8)
  A killer bee zombie (D:5)
  2 hound skeletons
  A howler monkey zombie (D:6)
  Robin (D:3)
  3 gnolls
  6 adders
  2 river rats (D:8)
  3 shadow imps
  2 oozes (Lair:6)
  An adder skeleton (D:4)
  3 worms
  A dart slug (D:1)
  6 leopard geckos
  132 orcs
  7 giant cockroaches
  29 goblins
  6 hobgoblins
  5 jackals
  24 kobolds
  5 quokkas
  5 ball pythons
  12 bats
  12 frilled lizards
  A jackal skeleton (D:5)
  10 rats
  A spectral orc (D:9)
956 creatures vanquished.

Vanquished Creatures (collateral kills)
  Nessos (Lair:5)
1 creature vanquished.

Vanquished Creatures (others)
  A two-headed ogre (D:14)
  A death yak (Lair:5)
  An orc knight (D:9)
  An ugly thing (D:11)
  A salamander (Depths:1)
  An elephant (Lair:6)
  A spiny frog (Lair:3)
  2 centaur skeletons (D:15)
  A komodo dragon (Lair:4)
  A hippogriff (Lair:4)
  A yak (D:12)
  A porcupine (Lair:4)
  An ogre (D:14)
  A wolf (Lair:6)
  An earth elemental (Depths:1)
  An orc wizard (D:14)
  An adder (D:11)
  3 orcs
  A jackal (D:7)
  A quokka (D:7)
  A bush (Lair:6)
  28 fungi
  40 plants
  5 toadstools (D:1)
97 creatures vanquished.

Grand Total: 1054 creatures vanquished

Notes
Turn   | Place    | Note
-------+----------+-------------------------------------------
     0 | D:1      | Moloch the Mummy Fighter began the quest for the Orb.
     0 | D:1      | Reached XP level 1. HP: 18/18 MP: 1/1
    97 | D:1      | Reached XP level 2. HP: 24/24 MP: 2/2
   597 | D:1      | Reached XP level 3. HP: 22/30 MP: 3/3
   842 | D:2      | Reached skill level 4 in Fighting
  1072 | D:1      | Reached XP level 4. HP: 12/38 MP: 4/4
  1577 | D:2      | Found a stormy altar of Qazlal.
  1603 | D:2      | Reached skill level 5 in Fighting
  1904 | D:3      | Noticed tidbits's ghost (weakling DgWn)
  1904 | D:3      | Reached XP level 5. HP: 44/44 MP: 5/5
  1929 | D:3      | Killed tidbits's ghost
  2079 | D:3      | Noticed Robin
  2086 | D:3      | Reached skill level 6 in Fighting
  2108 | D:3      | Killed Robin
  2359 | D:3      | Reached XP level 6. HP: 51/53 MP: 6/6
  2830 | D:4      | Noticed Dominolapin's ghost (amateur MfTm)
  2859 | D:4      | Killed Dominolapin's ghost
  2859 | D:4      | Reached skill level 7 in Fighting
  3141 | D:4      | Found a glowing drain.
  3158 | Sewer    | Entered a sewer
  3164 | Sewer    | Reached XP level 7. HP: 59/60 MP: 7/7
  3266 | Sewer    | Noticed Purgy
  3279 | Sewer    | Killed Purgy
  3329 | D:4      | Reached skill level 8 in Fighting
  3539 | D:4      | Found a glowing silver altar of Zin.
  3832 | D:4      | Found an ornate altar of the Wu Jian Council.
  3943 | D:5      | Entered Level 5 of the Dungeon
  4050 | D:5      | Noticed kal9871's ghost (amateur VSSk)
  4076 | D:5      | Killed kal9871's ghost
  4076 | D:5      | Reached skill level 9 in Fighting
  4076 | D:5      | Reached XP level 8. HP: 68/71 MP: 8/8
  4130 | D:5      | Found Cocyabem's Weapon Boutique.
  4215 | D:5      | Reached skill level 10 in Fighting
  4466 | D:5      | Found a runed door.
  4495 | D:5      | You fall through a shaft!
  4533 | D:6      | Identified the cursed +1 leather armour of Umooduxa {rF++ Str+10 Dex-5 SInv} (You found it on level 6 of the Dungeon)
  4667 | D:5      | Found a shattered altar of Ashenzari.
  4712 | D:5      | Noticed Crazy Yiuf
  4716 | D:5      | Killed Crazy Yiuf
  5049 | D:7      | Reached skill level 11 in Fighting
  5054 | D:7      | Found an opulent altar of Gozag.
  5077 | D:7      | Found a staircase to the Ecumenical Temple.
  5085 | Temple   | Entered the Ecumenical Temple
  5093 | Temple   | Became a worshipper of Ru the Awakened
  5144 | D:7      | Reached XP level 9. HP: 61/81 MP: 9/9
  5147 | D:7      | Found a white marble altar of Elyvilon.
  5476 | D:7      | Reached skill level 12 in Fighting
  5875 | D:8      | Found an iron altar of Okawaru.
  5958 | D:8      | Noticed a death yak
  5959 | D:8      | Found a staircase to the Lair.
  5959 | D:8      | Noticed a death yak
  5960 | D:8      | Noticed a death yak
  6086 | D:8      | Noticed a two-headed ogre
  6100 | D:8      | Killed a two-headed ogre
  6100 | D:8      | Reached skill level 13 in Fighting
  6162 | D:8      | Found Washiat's Jewellery Shop.
  6168 | D:8      | Bought a cursed amulet of regeneration for 297 gold pieces
  6175 | D:8      | Gained mutation: You cannot study or cast Air magic. [Ru sacrifice]
  6175 | D:8      | Gained mutation: You cannot study or cast Transmutations magic. [Ru sacrifice]
  6175 | D:8      | Gained mutation: You cannot study or cast Conjurations magic. [Ru sacrifice]
  6175 | D:8      | Reached * piety under Ru
  6193 | D:8      | Noticed tabinator's ghost (novice MiFi)
  6311 | D:8      | Killed tabinator's ghost
  6311 | D:8      | Reached XP level 10. HP: 41/93 MP: 10/10
  6479 | D:8      | Reached skill level 14 in Fighting
  6589 | D:7      | Killed a death yak
  6812 | D:8      | Killed a death yak
  7028 | D:8      | Killed a death yak
  7028 | D:8      | Reached skill level 15 in Fighting
  7282 | D:9      | Noticed a green ugly thing
  7320 | D:9      | Killed a green ugly thing
  7533 | D:9      | Found a hide-covered altar of Uskayaw.
  7652 | D:9      | Reached XP level 11. HP: 104/104 MP: 11/11
  7680 | D:9      | Found a basalt altar of Yredelemnul.
  7727 | D:9      | Found a glowing golden altar of the Shining One.
  7755 | D:9      | Found a deep blue altar of Sif Muna.
  7998 | D:9      | Found a staircase to the Orcish Mines.
  8094 | D:9      | Found a hazy altar of Hepliaklqana.
  8104 | D:9      | Found a sparkling altar of Nemelex Xobeh.
  8365 | Lair:1   | Entered Level 1 of the Lair of Beasts
  8385 | D:8      | Reached skill level 16 in Fighting
  8385 | D:8      | Reached skill level 1 in Dodging
  9911 | Lair:2   | Found a staircase to the Shoals.
 10259 | Lair:2   | Reached skill level 5 in Polearms
 10392 | Lair:2   | Noticed a four-headed hydra
 10392 | Lair:2   | Noticed an oklob plant
 10392 | Lair:2   | Noticed an oklob plant
 10654 | Lair:2   | Reached XP level 12. HP: 42/113 MP: 12/12
 10873 | Lair:3   | Reached skill level 5 in Armour
 11100 | Lair:3   | You fall through a shaft!
 11611 | Lair:3   | Found a burning altar of Makhleb.
 11795 | Lair:3   | Learned a level 1 spell: Apportation
 11803 | Lair:3   | Found a hole to the Spider Nest.
 12150 | Lair:4   | Noticed Sonja
 12171 | Lair:4   | Killed Sonja
 12451 | Lair:4   | Reached skill level 1 in Evocations
 12646 | Lair:4   | Gained mutation: You are somewhat unskilled. (-1 Apt) [Ru sacrifice]
 12646 | Lair:4   | Reduced skill Fighting to level 15
 12646 | Lair:4   | Reached ** piety under Ru
 12646 | Lair:4   | Reached *** piety under Ru
 12672 | Lair:4   | Got a crude tin ring
 13097 | Lair:4   | Identified the ring "Peis" {+Fly rElec rC+ rN++ Stlth-} (You found it on level 4 of the Lair of Beasts)
 13305 | Lair:5   | Noticed an eight-headed hydra
 13624 | Lair:5   | Noticed a catoblepas
 13624 | Lair:5   | Noticed a catoblepas
 13782 | Lair:4   | Gained mutation: You are in touch with the powers of death. [Mummy growth]
 13782 | Lair:4   | Reached XP level 13. HP: 108/117 MP: 14/14
 14318 | Lair:5   | Noticed Urug
 14337 | Lair:5   | Killed Urug
 14420 | Lair:5   | Noticed Nessos
 15097 | Lair:5   | Killed Nessos
 15332 | Lair:6   | Entered Level 6 of the Lair of Beasts
 16143 | Lair:5   | Gained mutation: You are frail. (-10% HP) [Ru sacrifice]
 16143 | Lair:5   | Reached **** piety under Ru
 16143 | Lair:5   | Reached ***** piety under Ru
 16794 | Lair:6   | Found a deep blue altar of Sif Muna.
 16997 | Lair:5   | Reached skill level 5 in Dodging
 17424 | Lair:5   | Reached skill level 16 in Fighting
 17794 | Lair:6   | Found a runed door.
 17794 | Lair:6   | Found a viscous altar of Jiyva.
 17794 | Lair:6   | Found a staircase to the Slime Pits.
 18290 | Lair:6   | Reached XP level 14. HP: 112/112 MP: 16/16
 18545 | Lair:5   | Reached skill level 10 in Polearms
 20289 | Lair:6   | Gained mutation: You cannot read scrolls while threatened. [Ru sacrifice]
 20726 | Orc:1    | Entered Level 1 of the Orcish Mines
 20744 | Orc:1    | Found a transporter.
 20757 | Orc:1    | Found the +9 staff of Wucad Mu {channel}
 20799 | Orc:1    | Noticed an orc warlord
 21018 | D:9      | Killed an orc warlord
 22143 | Orc:2    | Entered Level 2 of the Orcish Mines
 22388 | Orc:2    | Gained mutation: You cannot be stealthy. [Ru sacrifice]
 22388 | Orc:2    | Reached ****** piety under Ru
 22465 | Orc:2    | Found a roughly hewn altar of Beogh.
 22549 | Orc:2    | Found a roughly hewn altar of Beogh.
 22688 | Orc:2    | Found Xaru's Food Shop.
 22878 | Orc:2    | Found a staircase to the Elven Halls.
 23029 | Orc:2    | Found a roughly hewn altar of Beogh.
 23073 | Orc:2    | Found a runed door.
 23156 | Orc:2    | Found a roughly hewn altar of Beogh.
 23215 | Orc:2    | Found a roughly hewn altar of Beogh.
 23421 | Orc:2    | Found Vecoup's Antique Weapon Shop.
 23426 | Orc:2    | Bought a slimy spear for 240 gold pieces
 23426 | Orc:2    | Bought a runed trident for 195 gold pieces
 23426 | Orc:2    | Identified the +3 spear "Beetlebane" {elec, rPois MR+ Str+3} (You bought it in a shop on level 2 of the Orcish Mines)
 23675 | Orc:2    | Noticed an orc warlord
 23830 | Orc:1    | Killed an orc warlord
 23989 | Orc:2    | Found a roughly hewn altar of Beogh.
 23989 | Orc:2    | Found Lowogh's Antique Weapon Shop.
 24001 | Orc:2    | Found Taryojoin's Antique Armour Boutique.
 24009 | Orc:2    | Bought a pitted trident for 161 gold pieces
 24009 | Orc:2    | Identified the cursed +1 trident of Scorn {pierce, rPois rC- Dex+8} (You bought it in a shop on level 2 of the Orcish Mines)
 24019 | Orc:2    | Bought a crude ring mail for 279 gold pieces
 24029 | Orc:2    | Identified the +0 ring mail "Goeseoxt" {rF+ MR+ rCorr Str+4} (You bought it in a shop on level 2 of the Orcish Mines)
 24155 | Orc:2    | Reached XP level 15. HP: 118/118 MP: 18/18
 24210 | Orc:2    | Reached skill level 5 in Evocations
 24361 | Orc:2    | Found a roughly hewn altar of Beogh.
 24368 | Orc:2    | Got a translucent copper ring
 24370 | Orc:2    | Identified the cursed ring of Qyhessong {rF+ Str-3 Int+2 Dex-3 SInv} (You found it on level 2 of the Orcish Mines)
 24485 | Orc:1    | Found a roughly hewn altar of Beogh.
 24500 | Orc:1    | Found a transporter.
 24890 | Orc:1    | Got a crude lapis lazuli ring
 24892 | Orc:1    | Identified the ring "Diutub" {rCorr +Blink rN+} (You found it on level 1 of the Orcish Mines)
 25054 | D:10     | Entered Level 10 of the Dungeon
 25129 | D:10     | You fall through a shaft!
 25195 | D:11     | Noticed a frost giant
 25271 | D:11     | Killed a frost giant
 25273 | D:11     | Got the broad axe of the Shallot {freeze}
 25275 | D:11     | Identified the +8 broad axe of the Shallot {freeze, rN++ MR-} (You took it off a frost giant on level 11 of the Dungeon)
 26315 | D:11     | Found Veelotuu's Book Emporium.
 26623 | D:12     | Found a shimmering altar of Xom.
 26932 | D:12     | Found a portal to a secret trove of treasure.
 27035 | D:12     | Found a transporter.
 27046 | D:12     | Found a transporter.
 28037 | D:12     | You paid a toll of 6 scrolls of blinking to enter a treasure trove
 28038 | Trove    | Entered a treasure trove
 28047 | Trove    | Got a slimy brass amulet
 28049 | Trove    | Identified the amulet of Beogh's Pride {Reflect +Inv SH+4} (You found it in a treasure trove)
 28065 | Trove    | Got a crude jade ring
 28066 | Trove    | Identified the ring "Ivaekk" {+Fly rC+ rN+} (You found it in a treasure trove)
 28112 | D:12     | Identified a scroll of acquirement
 28117 | D:12     | Got a jewelled scarf
 28128 | D:12     | Identified the scarf of Insatiable Hunger {+Fly rC+} (You acquired it on level 12 of the Dungeon)
 29488 | D:14     | Found a gate to the Vaults.
 29661 | D:15     | Entered Level 15 of the Dungeon
 29736 | D:15     | Noticed Erica
 30019 | D:14     | Killed Erica
 30232 | D:15     | Found Neaperal's Food Boutique.
 30557 | D:15     | Reached XP level 16. HP: 69/125 MP: 19/19
 30680 | D:15     | Found a staircase to the Depths.
 30946 | D:12     | Got a smoking triple sword
 30952 | D:12     | Identified the +5 triple sword "Uzeot" {flame, rN+++ Dex+6} (You found it on level 12 of the Dungeon)
 31061 | Depths:1 | Entered Level 1 of the Depths
 32907 | Depths:1 | Noticed Nikola
 32964 | Depths:1 | Killed Nikola
 34367 | Depths:1 | Found a one-way gate to the infinite horrors of the Abyss.
 34599 | Depths:1 | Noticed Jorgrun
 34620 | Depths:1 | Killed Jorgrun
 35544 | Shoals:1 | Entered Level 1 of the Shoals
 35809 | Shoals:1 | Noticed Kirke
 35830 | Shoals:1 | Reached skill level 15 in Polearms
 35843 | Shoals:1 | Killed Kirke
 36171 | Shoals:1 | Slain by a snapping turtle

Vault maps used:
D:1:      ldierk_walled_garden, minmay_crystal_water, minmay_misc_feat_hallway
D:2:      nicolae_qazlal_eye_of_the_storm, hangedman_feature_mirror,
          hangedman_feature_mirror, st_stairs_14, minmay_pentomino_r4
D:3:      first_bread, uniq_robin
D:4:      corexii_shack_village, kennysheep_little_box, old_standard_altar,
          portal_sewer_entry_d
D:5:      kennysheep_mini, serial_shops, shop, uniq_crazy_yiuf_cottage
D:7:      grunt_gozag_statues, elyvilon_altar_4, minmay_temple_entry_grid
D:8:      old_standard_altar, dpeg_lair_monsters, serial_shops, shop,
          kennysheep_generic_room_13
D:9:      tso_metal_star, marbit_many_paths, lemuel_coloured_pillars_altar,
          led_sif_pool, overflow_temple_1_default,
          yredelemnul_forgotten_temple_becter, hiddenorc1_lemuel,
          serial_co_window_serial, co_window_paths_a, co_window_corner_a,
          co_window_corner_a, co_window_paths_a, co_window_paths_a,
          co_window_cross_3, co_window_of_opportunity_c,
          co_window_of_opportunity_b, co_window_paths_c, co_window_2corner
D:11:     minmay_coctagon, serial_shops, nicolae_shop_behind_doors, uniq_erica
D:12:     gammafunk_wand_slinger, enter_trove_3, basic_altar,
          serial_column_ruins, column_ruins_hut_ruined,
          column_ruins_open_small_water, column_ruins_open_tiny,
          column_ruins_open_tiny, column_ruins_open_tiny,
          column_ruins_open_medium
D:13:     the_bakery
D:14:     erik_vaults_2, hangedman_decor_peaks_small
D:15:     grunt_enter_depths_magical_seal, hex_tiny, serial_shops,
          nicolae_shop_statue_plus
Temple:   dpeg_three_leaves_temple
Lair:1:   beast_lair_carwin_11
Lair:2:   minmay_shoals_entry_beasts, minmay_lair_oklob_chamber,
          serial_bayou_shore_b
Lair:3:   dummy_spider_entry, basic_altar
Lair:4:   beast_lair_carwin_3, serial_bayou_shore_a,
          infiniplex_staircase_pool_2, uniq_sonja
Lair:5:   nzn_motion_control, uniq_urug, uniq_nessos
Lair:6:   guppyfry_lair_end_dragon, hangedman_lair_caniforms_friends,
          slime_altar_2, basic_altar, minmay_stone_trees_medium
Shoals:1: uniq_kirke
Shoals:2: uniq_polyphemus
Orc:1:    gammafunk_beogh_shrine
Orc:2:    grunt_orc_community_town_hall, grunt_orc_community_big_house_2,
          grunt_orc_community_big_house_2, grunt_orc_community_house_2,
          grunt_orc_community_house_3, grunt_orc_community_house_2,
          grunt_orc_community_house_3, lightli_church_of_beogh
Depths:1: minmay_strange_pillars, lightli_too_deep, abyss_entry,
          grunt_ministairs_2, hangedman_cracks_in_the_wall, uniq_jorgrun,
          uniq_nikola
Trove:    trove_simple
Sewer:    sewer_co_purgy_island

Skill      XL: |  1  2  3  4  5  6  7  8  9 10 11 12 13 14 15 16 |
---------------+-------------------------------------------------+-----
Polearms       | 2 3 5 7 9 10 13 15 | 15.2
Fighting       | 4 5 6 7 9 11 13 15 16 15 16 | 16.4
Dodging        | 3 4 5 6 7 |  7.1
Armour         | 4 5 6 7 |  7.8
Evocations     | 1 3 4 5 |  5.3
Shields        | |  2.1

Action                   |  1- 3 |  4- 6 |  7- 9 | 10-12 | 13-15 | 16-18 || total
-------------------------+-------+-------+-------+-------+-------+-------++-------
Melee: Whip              |   112 |   209 |   381 |   731 |       |       ||  1433
       Trident           |     2 |       |    14 |   617 |  1879 |   130 ||  2642
       Spear             |       |       |       |       |  1317 |   631 ||  1948
       Glaive            |       |       |       |       |       |     8 ||     8
Invok: Sacrifice Arcana  |       |       |     1 |       |       |       ||     1
       Reject Sacrifices |       |       |       |     1 |       |       ||     1
       Sacrifice Skill   |       |       |       |     1 |       |       ||     1
       Power Leap        |       |       |       |       |     6 |     3 ||     9
       Draw Out Power    |       |       |       |       |     1 |       ||     1
       Sacrifice Health  |       |       |       |       |     1 |       ||     1
       Sacrifice Words   |       |       |       |       |     1 |       ||     1
       Sacrifice Stealth |       |       |       |       |     1 |       ||     1
       Apocalypse        |       |       |       |       |     2 |     2 ||     4
Evoke: Wand              |       |       |     2 |    15 |    45 |       ||    62
       Phial of floods   |       |       |       |       |     3 |     1 ||     4
       Sack of spiders   |       |       |       |       |       |     2 ||     2
       Fan of gales      |       |       |       |       |       |     1 ||     1
  Use: Scroll            |     5 |     1 |     1 |    12 |    13 |     1 ||    33
 Stab: Paralysed         |       |       |     8 |    18 |    81 |    29 ||   136
       Distracted        |       |       |     1 |       |    16 |     4 ||    21
       Confused          |       |       |       |     3 |     4 |       ||     7
       Invisible         |       |       |       |     1 |    23 |     9 ||    33
       Petrified         |       |       |       |       |     5 |       ||     5
Armor: Scale mail        |    69 |   135 |    16 |       |       |       ||   220
       Troll leather arm |       |       |   143 |       |       |       ||   143
       Plate armour      |       |       |     6 |   824 |    87 |       ||   917
       Ring mail         |       |       |       |       |   396 |       ||   396
       Leather armour    |       |       |       |       |   105 |       ||   105
       Chain mail        |       |       |       |       |   217 |   154 ||   371
Dodge: Dodged            |    29 |    60 |   121 |   212 |   685 |   113 ||  1220
       Deflected         |       |       |       |       |       |     3 ||     3
Block: Shield            |    69 |   108 |   215 |   611 |   906 |   135 ||  2044
       Reflection        |       |       |       |       |     8 |     4 ||    12
       Other             |       |       |       |       |       |    14 ||    14

Table legend:
 A = Spawn XP
 B = Non-spawn XP
 C = Spawn XP percentage of total XP
 D = Spawn monster count
 E = Non-spawn monster count
 F = Spawn count percentage of total count
 G = Total turns spent on level
                    A         B        C        D         E        F      G
               +---------+---------+-------+---------+---------+-------+---------
         Total |   23269 |  184199 |  11.2 |     139 |     833 |  14.3 | 36171
               +---------+---------+-------+---------+---------+-------+---------
           D:1 |       8 |      74 |   9.8 |       4 |      29 |  12.1 |  1142
           D:2 |       6 |     125 |   4.6 |       5 |      29 |  14.7 |   773
           D:3 |       3 |     184 |   1.6 |       2 |      31 |   6.1 |   852
           D:4 |      75 |     609 |  11.0 |       3 |      35 |   7.9 |  1026
           D:5 |       0 |     659 |   0.0 |       0 |      14 |   0.0 |   659
           D:6 |      18 |     344 |   5.0 |       1 |       5 |  16.7 |   381
           D:7 |      54 |    2152 |   2.4 |       2 |      19 |   9.5 |  1089
           D:8 |     134 |    6941 |   1.9 |       4 |      43 |   8.5 |  1567
           D:9 |      53 |    5560 |   0.9 |       2 |      61 |   3.2 |  1600
          D:10 |     235 |     595 |  28.3 |       1 |      15 |   6.2 |   645
          D:11 |     815 |    4716 |  14.7 |       6 |      23 |  20.7 |   862
          D:12 |      42 |    2123 |   1.9 |       1 |      23 |   4.2 |   957
          D:13 |     484 |    7078 |   6.4 |       8 |      23 |  25.8 |  1370
          D:14 |    1331 |   16284 |   7.6 |      15 |      39 |  27.8 |  2214
          D:15 |    1907 |   17613 |   9.8 |       5 |      39 |  11.4 |  2854
        Lair:1 |     790 |    2389 |  24.9 |       4 |      12 |  25.0 |  1011
        Lair:2 |     713 |    4436 |  13.8 |       4 |      16 |  20.0 |  1278
        Lair:3 |     785 |    5008 |  13.6 |       6 |      25 |  19.4 |  1183
        Lair:4 |    3223 |   10366 |  23.7 |      13 |      31 |  29.5 |  2528
        Lair:5 |    2949 |   16647 |  15.0 |      10 |      44 |  18.5 |  2963
        Lair:6 |    5485 |   19668 |  21.8 |      23 |      90 |  20.4 |  3049
      Shoals:1 |       0 |   14238 |   0.0 |       0 |      30 |   0.0 |   625
         Orc:1 |    1560 |   10321 |  13.1 |       8 |      35 |  18.6 |  1931
         Orc:2 |     563 |   10313 |   5.2 |       9 |      87 |   9.4 |  1954
      Depths:1 |    2036 |   25610 |   7.4 |       3 |      27 |  10.0 |  1429
         Sewer |       0 |     146 |   0.0 |       0 |       8 |   0.0 |   150
               +---------+---------+-------+---------+---------+-------+---------
